 Dungeon Crawl Stone Soup version 0.21-a0-52-gbf49515 (webtiles) character file.

399 GordonOverkill the Chopper (level 6, -2/48 HPs)
             Began as a Demonspawn Chaos Knight on June 14, 2017.
             Killed by divine providence
             ... invoked by an orc priest
              (16 damage)
             ... on level 4 of the Dungeon.
             The game lasted 00:06:10 (2605 turns).

GordonOverkill the Chopper (DsCK)                   Turns: 2605, Time: 00:06:10

Health: -2/48      AC:  9    Str: 16    XL:     6   Next: 53%
Magic:  6/6        EV: 11    Int: 15    God:    Xom [.*....]
Gold:   79         SH:  0    Dex: 17    Spells: 5/5 levels left

rFire    . . .     SeeInvis +   a - +0 hand axe (chaos)
rCold    . . .     Gourm    .   (no shield)
rNeg     . . .     Faith    .   k - +0 scale mail
rPois    +         Spirit   .   (helmet restricted)
rElec    .         Reflect  .   (no cloak)
rCorr    .         Harm     .   j - +0 pair of gloves (curse)
MR       +....                  y - +0 pair of boots (curse)
Stlth    ..........             (no amulet)
Regen    0.2/turn               f - -4 ring of protection (curse)
MPRegen  0.1/turn               (no ring)

@: no status effects
A: horns 1, talons 2, iridescent scales 2, see invisible, agile 2, clever 1,
demonic guardian 1, magic resistance 1, poison resistance, strong 1
a: Renounce Religion


You were on level 4 of the Dungeon.
You worshipped Xom.
You were a plaything of Xom.
You were not hungry.

You visited 1 branch of the dungeon, and saw 4 of its levels.

You collected 79 gold pieces.

Inventory:

Hand Weapons
 a - a +0 hand axe of chaos (weapon)
 p - a +0 flail
Missiles
 l - 31 poisoned needles
Armour
 i - a +0 shield
 j - a cursed +0 pair of gloves (worn)
 k - a +0 scale mail (worn)
 y - a cursed +0 pair of boots (worn)
Jewellery
 f - a cursed -4 ring of protection (left hand)
 t - an uncursed amulet of faith {unknown}
Wands
 s - a wand of polymorph (10/24)
 v - a wand of lightning (7/15)
 z - a wand of acid (9/15)
Scrolls
 b - a scroll of fear
 m - a scroll of recharging
 x - a scroll of amnesia {unknown}
Potions
 e - a potion of heal wounds
 g - 2 potions of flight
 n - a potion of cancellation {unknown}
 q - a potion of lignification {unknown}
 r - a potion of might {unknown}
 u - a potion of invisibility {unknown}
 w - a potion of brilliance {unknown}
 A - a potion of degeneration {unknown}
Comestibles
 c - 3 bread rations
 h - a meat ration
 o - 2 royal jellies


   Skills:
 + Level 4.2 Fighting
 * Level 4.7 Axes
 + Level 3.1 Armour
 + Level 2.7 Dodging


You had 5 spell levels left.
You didn't know any spells.

Dungeon Overview and Level Annotations

Branches:
Dungeon (4/15)
 Temple: D:4-7

Altars:
Kikubaaqudgha
Makhleb
Xom


Innate Abilities, Weirdness & Mutations

You are mostly covered in iridescent scales. (AC +4)
A weak demonic guardian rushes to your aid.
You have a pair of small horns on your head.
You have razor-sharp toenails.
You have supernaturally acute eyesight. (SInv)
You are very agile. (Dex +4)
Your mind is acute. (Int +2)
You are resistant to hostile enchantments. (MR+)
Your system is resistant to poisons. (rPois)
Your muscles are strong. (Str +2)


Message History

The gnoll is severely wounded.
The gnoll hits you with a whip.
* * * LOW HITPOINT WARNING * * *
Your ufetubus completely misses the gnoll.
Your ufetubus hits the gnoll. You hit the gnoll but do no damage.
The gnoll is poisoned.
The gnoll is almost dead.
Your ufetubus hits the gnoll.
The gnoll dies!
An orc priest comes into view. It is wielding a mace.
Your ufetubus disappears in a puff of smoke!
The orc priest looks satisfied for a moment.
You see here a whip.
The orc priest casts a cantrip, but nothing happens.
The orc barely misses you.
Your shadow imp closely misses the orc.
You hit the orc but do no damage. The orc closely misses you.
Your shadow imp hits the orc.
The orc priest mumbles some strange prayers to Beogh against you.
Beogh smites you!
You die...

#.......## #.......# #.#
#<......# ... #######'##
#.# ##...## #.# ##.....##
####.# ##.......##
##.##.### #
#.........####†....).###..#
+.........'.5@o..o..)......
#.........####5....))####.
##.......## ##......#
##.....## ##.....# ##...##
###.### ##+## #.# #.# #.#
#.#


You could see an orc priest, an orc and 2 friendly shadow imps.

Vanquished Creatures
  A scorpion (D:4)
  A howler monkey (D:4)
  3 adders
  8 gnolls
  An ooze (D:3)
  An adder zombie (D:4)
  A worm (D:2)
  2 dart slugs
  4 leopard geckos
  5 orcs (D:3)
  A ball python (D:2)
  8 giant cockroaches
  5 goblins
  8 hobgoblins
  4 jackals (D:4)
  A quokka (D:2)
  3 bats
  15 frilled lizards
  6 kobolds
  A leopard gecko skeleton (D:4)
  11 rats
90 creatures vanquished.

Vanquished Creatures (collateral kills)
  A phantom (D:4)
  A gnoll shaman (D:4)
  3 gnolls
  An adder (D:4)
  An orc (D:4)
  A hobgoblin (D:2)
  A kobold (D:2)
9 creatures vanquished.

Vanquished Creatures (others)
  A human (D:3)
1 creature vanquished.

Grand Total: 100 creatures vanquished

Notes
Turn   | Place    | Note
-------+----------+-------------------------------------------
     0 | D:1      | GordonOverkill the Demonspawn Chaos Knight began the quest for the Orb.
     0 | D:1      | Reached XP level 1. HP: 18/18 MP: 1/1
   117 | D:1      | Reached skill level 1 in Dodging
   190 | D:1      | XOM: potion effect (brilliance)
   192 | D:1      | XOM: harmless Chrm miscast
   194 | D:1      | Gained mutation: You are partially covered in iridescent scales. (AC +2) [demonic ancestry]
   194 | D:1      | Reached XP level 2. HP: 24/24 MP: 2/2
   360 | D:1      | XOM: silly message
   371 | D:1      | Gained mutation: You are mostly covered in iridescent scales. (AC +4) [demonic ancestry]
   371 | D:1      | Reached XP level 3. HP: 29/29 MP: 3/3
   491 | D:1      | XOM: give mutations
   491 | D:1      | Gained mutation: Your system is resistant to poisons. (rPois) [Xom's grace]
   491 | D:1      | Gained mutation: You have supernaturally acute eyesight. (SInv) [Xom's grace]
   491 | D:1      | Gained mutation: You are agile. (Dex +2) [Xom's grace]
   491 | D:1      | Gained mutation: Your muscles are strong. (Str +2) [Xom's grace]
   659 | D:1      | XOM: give mutations
   659 | D:1      | Gained mutation: You evolve. [Xom's grace]
   659 | D:1      | Gained mutation: You are very agile. (Dex +4) [Xom's grace]
   805 | D:2      | Lost mutation: You evolve. [evolution]
  1298 | D:2      | Gained mutation: A weak demonic guardian rushes to your aid. [demonic ancestry]
  1298 | D:2      | Reached XP level 4. HP: 33/35 MP: 4/4
  1503 | D:2      | XOM: scenery: create altars
  1698 | D:3      | Reached XP level 5. HP: 33/42 MP: 5/5
  1950 | D:3      | XOM: smoke on damage
  2009 | D:3      | XOM: give mutations
  2009 | D:3      | Gained mutation: You have a pair of small horns on your head. [Xom's grace]
  2009 | D:3      | Gained mutation: You have sharp toenails. [Xom's grace]
  2009 | D:3      | Gained mutation: Your mind is acute. (Int +2) [Xom's grace]
  2013 | D:3      | Found an ancient bone altar of Kikubaaqudgha.
  2013 | D:3      | Noticed a human
  2017 | D:3      | Killed a human
  2070 | D:3      | XOM: give mutation
  2070 | D:3      | Gained mutation: You have razor-sharp toenails. [Xom's grace]
  2135 | D:3      | Found a burning altar of Makhleb.
  2378 | D:4      | Found an ancient bone altar of Kikubaaqudgha.
  2437 | D:4      | XOM: give mutation
  2437 | D:4      | Gained mutation: You are resistant to hostile enchantments. (MR+) [Xom's grace]
  2526 | D:4      | Noticed a phantom
  2546 | D:4      | Killed a phantom
  2565 | D:4      | Reached XP level 6. HP: 35/48 MP: 6/6
  2605 | D:4      | Killed from afar by an orc priest

Vault maps used:
D:1:      dpeg_arrival_round_c, minmay_lizard_king
D:3:      nicolae_overflow_hidden_temple, minmay_misc_feat_x,
          serial_bayou_pond_a, tgw_kikubaaqudgha
D:4:      lightli_temple_of_fire, lemuel_coloured_pillars_altar,
          kennysheep_mini_moat, minmay_temple_entry_glass, first_bread

Skill      XL: |  1  2  3  4  5 |
---------------+----------------+-----
Armour         | 2 3 |  3.1
Dodging        | 1 2 |  2.7
Axes           | 3 4 |  4.7
Fighting       | 4 |  4.2

Action                   |  1- 3 |  4- 6 || total
-------------------------+-------+-------++-------
Melee: Hand axe          |   121 |   175 ||   296
       Headbutt          |       |     6 ||     6
       Kick              |       |     2 ||     2
  Use: Scroll            |     4 |     2 ||     6
 Stab: Confused          |     1 |     1 ||     2
       Paralysed         |     1 |       ||     1
       Distracted        |       |     2 ||     2
  Eat: Chunk             |     1 |     5 ||     6
Armor: Leather armour    |    26 |       ||    26
       Scale mail        |    30 |    90 ||   120
Dodge: Dodged            |    63 |   101 ||   164
